 Dungeon Crawl Stone Soup version 0.20-a0-71-g11d6418 (webtiles) character file.

1350 KristoblXynda the Chucker (level 8, -7/61 HPs)
             Began as a Grey Draconian Hunter on Nov 18, 2016.
             Mangled by an ogre
             ... wielding a +0 giant club
              (28 damage)
             ... on level 5 of the Dungeon.
             The game lasted 00:13:27 (5168 turns).

KristoblXynda the Chucker (Grey Draconian Hunter)   Turns: 5168, Time: 00:13:28

Health: -7/61      AC: 11    Str: 15    XL:     8   Next: 36%
Magic:  8/8        EV: 14    Int: 14    God:
Gold:   258        SH:  0    Dex: 11    Spells: 0 memorised, 7 levels left

rFire  + . .     SeeInvis .     g - +1 long sword
rCold  . . .     Gourm    .     (armour unavailable)
rNeg   . . .     Faith    .     (no shield)
rPois  +         Spirit   .     (helmet restricted)
rElec  .         Reflect  .     (no cloak)
rCorr  +         Harm     .     (no gloves)
MR     .....     Clarity  +     (no boots)
Stlth  +++.......               (no amulet)
                                o - ring of resist corrosion
                                j - ring of protection from fire

@: no status effects
A: walk through water, unfitting armour, horns 1, clarity, poison resistance,
unbreathing, cold-blooded, AC +11
a: no special abilities


You were on level 5 of the Dungeon.
You were not hungry.

You visited 1 branch of the dungeon, and saw 5 of its levels.

You collected 258 gold pieces.

Inventory:

Hand Weapons
 g - a +1 long sword (weapon)
Missiles
 r - 4 javelins (quivered)
Jewellery
 j - a ring of protection from fire (left hand)
 m - an uncursed ring of wizardry
 o - a ring of resist corrosion (right hand)
Scrolls
 e - 2 scrolls of blinking
 i - 2 scrolls of remove curse
 l - a scroll of teleportation
Potions
 a - a potion of ambrosia {unknown}
 h - a potion of might
 n - 2 potions of brilliance
 p - 2 potions of cancellation
 q - a potion of resistance
 s - a potion of mutation
Books
 b - a book of Necromancy

   Spells                             Type                      Level
   a - Pain                           Necromancy                   1
   b - Animate Skeleton               Necromancy                   1
   c - Vampiric Draining              Necromancy                   3
   d - Regeneration                   Charms/Necromancy            3
   e - Animate Dead                   Necromancy                   4
   f - Control Undead                 Necromancy                   4
Comestibles
 c - a royal jelly
 d - 2 bread rations
 f - a meat ration
 k - a fruit


   Skills:
 - Level 2.1 Fighting
 + Level 3.6 Long Blades
   Level 2.0 Polearms
 + Level 6.1 Throwing
 + Level 5.0 Dodging
 + Level 5.3 Stealth


You had 7 spell levels left.
You didn't know any spells.

Dungeon Overview and Level Annotations

Branches:
Dungeon (5/15)
 Temple: D:4-7

Altars:
Qazlal
Sif Muna
Vehumet
The Shining One


Innate Abilities, Weirdness & Mutations

You can walk through water.
Your dull iron-grey scales are very hard. (AC +11)
You cannot fit into any form of body armour.
You can survive without breathing.
You are cold-blooded and may be slowed by cold attacks.
You have a pair of small horns on your head.
You possess an exceptional clarity of mind.
Your system is resistant to poisons. (rPois)


Message History

You throw a javelin. The javelin barely misses the ogre.
Throwing (i - inventory):
r - 5 javelins (quivered)
Press: ? - help, Shift-Dir - straight line, f/p - ogre
Aim: an ogre, wielding a giant club You throw a javelin.
The javelin barely misses the ogre.
You hit the ogre.
The ogre is lightly wounded.
The ogre hits you with a giant club!
You hit the ogre. You headbutt the ogre.
The ogre is heavily wounded.
The ogre misses you.
You hit the ogre but do no damage.
The ogre is heavily wounded.
The ogre hits you with a giant club!!
An adder skeleton comes into view.
You hit the ogre.
You tail-slap the ogre, but do no damage.
The ogre is heavily wounded.
The ogre hits you with a giant club!!
You die...

.........)....
...##...####.. . ..
#...###### #>..
##########...#..... #...
#............'.....
#(..?#.....>......#.....
#....#............#.....
#....'.......##.(.###...
#O@.....##..<###...
#.....).'.....#....
#.......#.....#....
#.##....##....#....
#######+##.##....##....#....
.................Z.....#....
...<...................'....
.................##....####.
.........[.......####### #'


You could see an ogre and an adder skeleton.

Vanquished Creatures
  Sigmund (D:3)
  Edmund (D:5)
  Duvessa (D:5)
  An ice beast (D:5)
  2 ogres
  A water moccasin zombie (D:5)
  Dowan (D:5)
  A vampire bat (D:5)
  2 crimson imps (D:5)
  2 orc priests
  5 orc wizards
  Natasha (twice) (D:4)
  An iguana (D:4)
  A worker ant (D:5)
  6 adders
  3 gnolls (D:2)
  A shadow imp (D:5)
  A worm (D:1)
  4 leopard geckos
  20 orcs
  5 giant cockroaches (D:1)
  9 goblins
  9 hobgoblins
  7 jackals
  2 quokkas (D:3)
  4 ball pythons
  14 bats
  4 frilled lizards
  A jackal skeleton (D:5)
  6 kobolds
  A quokka skeleton (D:4)
  7 rats
126 creatures vanquished.

Notes
Turn   | Place    | Note
-------+----------+-------------------------------------------
     0 | D:1      | KristoblXynda the Draconian Hunter began the quest for the Orb.
     0 | D:1      | Reached XP level 1. HP: 17/17 MP: 1/1
   252 | D:1      | Reached skill level 1 in Stealth
   556 | D:1      | Reached XP level 2. HP: 24/24 MP: 2/2
  1152 | D:1      | Reached XP level 3. HP: 29/29 MP: 3/3
  1562 | D:2      | Reached skill level 4 in Throwing
  1587 | D:2      | Reached XP level 4. HP: 11/36 MP: 4/4
  1930 | D:2      | Found a radiant altar of Vehumet.
  2282 | D:2      | Found a glowing golden altar of the Shining One.
  2497 | D:3      | Noticed an ogre
  2506 | D:3      | Killed an ogre
  2506 | D:3      | Reached skill level 1 in Polearms
  2506 | D:3      | Reached XP level 5. HP: 7/41 MP: 5/5
  2839 | D:3      | Noticed Sigmund
  3109 | D:4      | Noticed an ogre
  3117 | D:4      | Killed an ogre
  3117 | D:4      | Reached XP level 6. HP: 22/48 MP: 6/6
  3383 | D:3      | Gained mutation: You possess an exceptional clarity of mind. [potion of mutation]
  3383 | D:3      | Gained mutation: Your system is resistant to poisons. (rPois) [potion of mutation]
  3383 | D:3      | Gained mutation: You have a pair of small horns on your head. [potion of mutation]
  3648 | D:3      | Killed Sigmund
  3648 | D:3      | Reached skill level 1 in Long Blades
  3648 | D:3      | Reached skill level 5 in Throwing
  3884 | D:4      | Your scales start taking on a dull iron-grey colour.
  3884 | D:4      | Reached XP level 7. HP: 55/55 MP: 7/7
  3884 | D:4      | Gained mutation: You can survive without breathing. [Grey Draconian growth]
  3961 | D:4      | Noticed Natasha
  3968 | D:4      | Killed Natasha
  4277 | D:4      | Noticed Natasha
  4286 | D:4      | Killed Natasha
  4402 | D:5      | Entered Level 5 of the Dungeon
  4426 | D:5      | Found a stormy altar of Qazlal.
  4429 | D:5      | Noticed Dowan
  4445 | D:5      | Killed Dowan
  4453 | D:5      | Noticed Duvessa
  4487 | D:5      | Killed Duvessa
  4741 | D:5      | Reached XP level 8. HP: 61/61 MP: 8/8
  4912 | D:5      | Found a deep blue altar of Sif Muna.
  4965 | D:5      | Reached skill level 5 in Stealth
  4995 | D:5      | Reached skill level 6 in Throwing
  5012 | D:5      | Noticed Edmund
  5036 | D:5      | Killed Edmund
  5064 | D:5      | Reached skill level 5 in Dodging
  5168 | D:5      | Mangled by an ogre

Vault maps used:
D:1:      mainiacjoe_arrival_reflecting_pool
D:2:      vehumet_crystals, first_bread, nicolae_tso_carved_into_rock
D:3:      kennysheep_generic_room_2, uniq_sigmund
D:4:      portal_sewer_entry_d, minmay_misc_feat_iff, uniq_natasha
D:5:      basic_altar, roderic_batcave, lemuel_blue_sif_altar, uniq_duvessa,
          uniq_edmund

Skill      XL: |  1  2  3  4  5  6  7  8 |
---------------+-------------------------+-----
Stealth        | 1 2 3 4 5 |  5.3
Dodging        | 2 3 4 5 |  5.0
Throwing       | 4 5 6 |  6.1
Polearms       | 1 2 |  2.0
Long Blades    | 1 3 |  3.6
Fighting       | |  2.1

Action                   |  1- 3 |  4- 6 |  7- 9 || total
-------------------------+-------+-------+-------++-------
Melee: Short sword       |   130 |       |       ||   130
       Tailslap          |    14 |    21 |    31 ||    66
       Halberd           |     7 |    20 |       ||    27
       Spear             |       |   141 |       ||   141
       Long sword        |       |    44 |   226 ||   270
       Headbutt          |       |     5 |    40 ||    45
Throw: Javelin           |    23 |    19 |     2 ||    44
       Throwing net      |     1 |     1 |       ||     2
  Use: Scroll            |       |    13 |     5 ||    18
       Potion            |       |     3 |       ||     3
 Stab: Sleeping          |     1 |     8 |     4 ||    13
  Eat: Chunk             |     2 |     4 |     4 ||    10
       Pizza             |       |     1 |       ||     1
       Beef jerky        |       |     2 |       ||     2
       Fruit             |       |       |     1 ||     1
Armor: Skin              |    43 |    54 |   109 ||   206
Dodge: Dodged            |    87 |   176 |   191 ||   454
       Rpst.: Long sword |       |     9 |    69 ||    78
